Map: Ice and Chrome LE

Players

Serral

  • Race: Zerg Zerg
  • League: Master
  • Spawn Location: 7:00

Reynor - Winner!

  • Race: Zerg Zerg
  • Spawn Location: 1:00

Event: DreamHack SC2 Masters 2020 Summer Europe

VOD

Have the link to the VOD?

Description

Time

  • Played on: July 10, 2020, 1:33 p.m.
  • Length: 8:29

All games in this series

Show
View Real Time Build Order
Export as new Build Order

Serral Zerg 

Build Orders: Hatch First 

Get SALT Encoding   

  12  0:00  Drone  
  13  0:12  Overlord  
  13  0:16  Drone  
  14  0:30  Drone x2  
  16  0:46  Hatchery  
  15  0:50  Drone  
  15  0:53  Drone  
  18  0:57  Drone  
  18  1:07  Extractor  
  17  1:12  Spawning Pool  
  17  1:15  Drone  
  17  1:18  Drone  
  18  1:27  Drone  
  19  1:38  Drone  
  20  1:49  Drone  
  21  1:58  Queen x2  
  21  2:00  Overlord  
  21  2:01  Zergling x2  
  26  2:08  Metabolic Boost  
  26  2:10  Drone x2  
  28  2:20  Drone  
  28  2:21  Drone  
  30  2:32  Hatchery  
  30  2:35  Zergling x2  
  30  2:38  Drone  
  31  2:45  Drone, Baneling Nest  
  31  2:49  Overlord  
  31  2:52  Drone  
  31  2:55  Drone  
  33  3:05  Drone x2  
  33  3:07  Drone x2  
  33  3:11  Drone x2  
  33  3:12  Drone  
  40  3:15  Overlord  
  40  3:17  Zergling x2  
  41  3:20  Zergling x2  
  41  3:25  Evolution Chamber  
  41  3:28  Baneling  
  41  3:29  Zergling x2  
  41  3:33  Roach Warren  
  41  3:34  Extractor  
  41  3:35  Zergling x2  
  41  3:39  Drone  
  41  3:40  Drone  
  41  3:41  Drone  
  44  3:48  Baneling, Zergling x2  
  43  3:49  Drone x3  
  46  3:56  Drone  
  46  3:58  Overlord  
  47  4:06  Queen  
  47  4:14  Roach x3  
  53  4:22  Roach  
  53  4:23  Roach x2  
  63  4:24  Roach x3  
  63  4:29  Overlord  
  63  4:30  Overlord  
  65  4:48  Zergling x14  
  65  4:52  Overlord  
  72  4:53  Zergling x6  
  74  5:01  Baneling x10  
  74  5:04  Zergling x6  
  75  5:11  Zergling x4  
  76  5:15  Zergling x8  
  80  5:28  Zergling x10  
  71  5:39  Zergling x6  
  63  5:44  Zerg Ground Armor Level 1  
  58  5:52  Zergling x6  
  59  5:59  Drone  
  59  6:00  Drone x2  
  61  6:04  Queen  
  61  6:05  Drone  
  61  6:09  Drone  
  61  6:10  Drone x2  
  67  6:13  Roach x2, Extractor  
  67  6:15  Ravager x2  
  67  6:16  Ravager  
  73  6:23  Roach  
  75  6:31  Roach x2  
  79  6:37  Roach  
  79  6:38  Overlord x3  
  81  6:43  Roach  
  81  6:44  Roach  
  85  6:53  Overlord x2  
  89  6:54  Roach x2  
  89  7:02  Roach x3  
  89  7:07  Roach x2  
  99  7:12  Zergling x2  
  99  7:13  Zergling x4  
  102  7:16  Zergling x4  
  102  7:18  Ravager  
  102  7:21  Zergling x4  
  107  7:25  Ravager  
  108  7:30  Zergling x10  
  108  7:35  Baneling  
  108  7:36  Baneling x2  
  113  7:38  Zergling x4  
  113  7:42  Zergling x6  
  119  7:44  Ravager  
  119  7:46  Zergling x4  
  119  7:51  Baneling x2  
  113  8:04  Zergling x18  
  109  8:08  Zergling x4  
  109  8:11  Zergling x2  
Show
View Real Time Build Order
Export as new Build Order

Reynor Zerg - Winner!

Build Orders: Hatch First 

Get SALT Encoding   

  12  0:00  Drone  
  13  0:12  Overlord  
  13  0:17  Drone  
  14  0:30  Drone x2  
  16  0:47  Hatchery  
  15  0:51  Drone  
  15  0:54  Drone  
  17  0:58  Drone  
  18  1:08  Extractor  
  17  1:13  Spawning Pool  
  17  1:15  Drone  
  17  1:18  Drone  
  18  1:27  Drone  
  19  1:38  Drone  
  20  1:48  Drone  
  21  1:59  Overlord, Queen x2  
  21  2:00  Zergling x2  
  26  2:10  Drone x2  
  26  2:11  Metabolic Boost  
  28  2:20  Drone  
  28  2:21  Drone  
  30  2:35  Hatchery  
  30  2:36  Zergling x2  
  30  2:39  Drone  
  30  2:42  Drone  
  30  2:44  Drone  
  33  2:53  Overlord  
  33  2:54  Drone  
  33  2:57  Baneling Nest  
  33  3:05  Drone  
  34  3:10  Drone  
  34  3:11  Drone  
  36  3:13  Zergling x2  
  36  3:14  Zergling x6  
  36  3:17  Overlord  
  36  3:19  Drone  
  41  3:22  Evolution Chamber, Drone  
  41  3:28  Queen  
  41  3:30  Drone  
  44  3:36  Drone  
  44  3:38  Drone  
  44  3:39  Drone x2  
  48  3:45  Overlord  
  48  3:47  Drone x3  
  50  3:53  Drone  
  51  3:59  Drone x3  
  54  4:06  Overlord  
  54  4:09  Drone x2  
  56  4:13  Zergling x4  
  56  4:15  Drone  
  59  4:18  Roach Warren  
  59  4:20  Extractor  
  59  4:21  Extractor  
  59  4:23  Drone  
  57  4:24  Zergling x4, Spine Crawler  
  57  4:29  Baneling  
  57  4:30  Overlord  
  58  4:34  Drone x3  
  58  4:36  Zergling x4  
  63  4:41  Drone, Overlord  
  64  4:50  Overlord  
  64  4:53  Baneling x2  
  64  4:54  Spine Crawler  
  63  5:00  Roach  
  63  5:01  Roach x6  
  63  5:06  Roach x2  
  79  5:10  Baneling  
  79  5:11  Baneling  
  79  5:13  Roach  
  79  5:14  Roach, Zergling x4  
  84  5:20  Roach x2, Zergling x6  
  89  5:27  Roach  
  89  5:28  Queen  
  83  5:30  Zergling x2  
  83  5:32  Roach  
  83  5:34  Roach  
  82  5:40  Roach, Queen  
  82  5:43  Ravager  
  82  5:44  Roach, Zergling x2  
  77  5:53  Roach, Ravager  
  77  5:55  Roach, Zergling x2  
  77  6:02  Drone  
  77  6:03  Drone  
  78  6:04  Lair  
  78  6:05  Drone  
  78  6:06  Queen  
  78  6:09  Baneling  
  81  6:12  Drone  
  81  6:17  Baneling x2  
  81  6:18  Drone x2  
  84  6:25  Drone x2  
  86  6:27  Zerg Missile Weapons Level 1, Extractor  
  86  6:31  Overlord  
  85  6:33  Drone  
  85  6:36  Drone x4  
  89  6:40  Roach, Spine Crawler  
  89  6:44  Roach  
  94  6:47  Roach  
  94  6:49  Overlord  
  94  6:50  Roach x2  
  94  6:51  Roach  
  100  6:56  Roach  
  100  6:58  Overlord  
  102  7:02  Overseer, Roach  
  102  7:07  Overlord  
  104  7:09  Glial Reconstitution, Roach  
  104  7:10  Roach  
  104  7:11  Zergling x4  
  110  7:17  Roach  
  110  7:18  Roach  
  110  7:21  Roach  
  110  7:22  Roach x2  
  120  7:24  Overlord x2  
  120  7:26  Roach  
  120  7:28  Roach x2  
  126  7:32  Overlord  
  126  7:34  Baneling  
  126  7:35  Baneling x2  
  126  7:37  Overlord  
  126  7:45  Roach x3  
  126  7:50  Roach  
  133  8:00  Roach x5, Zergling x2  
  133  8:01  Zergling x8  
  140  8:05  Roach x2  
Tags
 
Add a new tag
Caveats
  • Supply blocks, unpowered buildings, or Contaminate may cause inaccurate times.
  • Supply counts are checked every 10 seconds.